 Dungeon Crawl Stone Soup version 0.15-a0-1631-g98db9bb (webtiles) character file.

40 zercules the Ruffian (level 3, -1/32 HPs)
             Began as a Troll Transmuter on June 21, 2014.
             Slain by a gnoll
             ... wielding a +0 halberd
              (14 damage)
             ... on Level 2 of the Dungeon.
             The game lasted 00:02:26 (991 turns).

zercules the Ruffian (Troll Transmuter)              Turns: 991, Time: 00:02:26

HP  -1/32        AC  5     Str 18      XL: 3   Next: 30%
MP   2/3         EV  9     Int 10      God:
Gold 33          SH  0     Dex 10      Spells:  1 memorised,  3 levels left

rFire  . . .     SeeInvis .       - Unarmed
rCold  . . .     Clarity  .     c - +0 robe
rNeg   . . .     rCorr    .     (shield restricted)
rPois  .         rRot     .     (helmet restricted)
rElec  .         Spirit   .     (no cloak)
SustAb .         Warding  .     (gloves unavailable)
rMut   .         Stasis   .     (boots unavailable)
Gourm  +                        (no amulet)
MR     .....                    (no ring)
                                (no ring)

@: appendage (expiring), not resistant to hostile enchantments, very unstealthy
A: unfitting armour, claws 3, horns 2, fast metabolism 3, gourmand, regeneration
2, saprovore 2, shaggy fur 1, tough skin 2
a: End Transformation


You were on level 2 of the Dungeon.
You were not hungry.
You had grown temporary horns.
You visited 1 branch of the dungeon, and saw 2 of its levels.

You collected 33 gold pieces.

Inventory:

Missiles
 b - 12 arrows
Armour
 c - a +0 robe (worn)
 j - a +0 robe
Comestibles
 a - 3 meat rations
Scrolls
 f - 2 scrolls of blinking {unknown}
 g - 2 scrolls of identify {unknown}
 i - a scroll of enchant weapon {unknown}
 k - a scroll of magic mapping {unknown}
Potions
 e - a potion of heal wounds {unknown}
 h - a potion of restore abilities {unknown}
Books
 d - a book of Changes

   Spells                             Type                      Level
   *Beastly Appendage                 Transmutation                1
   Sticks to Snakes                   Transmutation                2
   Spider Form                        Transmutation/Poison         3
   Ice Form                           Ice/Transmutation            4
   Blade Hands                        Transmutation                5


   Skills:
 - Level 0.7 Fighting
 - Level 1.5 Dodging
 + Level 4.4 Unarmed Combat
 - Level 1.2 Spellcasting
 - Level 1.3 Transmutations


You had 3 spell levels left.
You knew the following spells:

 Your Spells              Type           Power        Failure   Level  Hunger
a - Beastly Appendage     Trmt           #.....       21%         1    ##.....


Dungeon Overview and Level Annotations

Branches:
Dungeon (2/15)

Altars:


Innate Abilities, Weirdness & Mutations

You are too large for most types of armour.
You have claws for hands.
Your metabolism is lightning-fast.
You like to eat raw meat.
You heal very quickly.
You can eat rotten meat.
You are covered in fur (AC +1).
You have very tough skin (AC +2).
You have a pair of horns on your head.


Message History

* * * LOW HITPOINT WARNING * * *
A gnoll comes into view. It is wielding a halberd.
Things that are here:
a spear; a gnoll corpse; Huge Dmg: -38%(-12hp) hp: 19%(6hp)
A ball python comes into view.
The ball python closely misses you. The ball python barely misses you.
Casting: Beastly Appendage
Confirm with . or Enter, or press ? or * to list all spells.
You grow a pair of large bovine horns.
Your transformation is almost over.
The ball python closely misses you. The gnoll barely misses you.
You barely miss the ball python. The ball python bites you.
Damage: -3%(-1hp) hp: 41%(13hp)
You scratch the ball python.
The ball python begins to bleed from its wounds!
You headbutt the ball python.
You kill the ball python!
The gnoll hits you from afar with a halberd!
You die...

#.# #######?###.##
..............g...
#.# #)# #.# #.## .
#.# #.g# .# #.#
##g# .# #.# #.##.#
#.##########..#.#.
#@.ggg............
#############..###
#...... #.#..##
#.#.).. #......
####.#.# #.......
#.##.##.


You could see 3 gnolls.

Vanquished Creatures
  A gnoll (D:2)
  A giant mite (D:1)
  2 giant geckos (D:1)
  A ball python (D:2)
  3 bats (D:1)
  A giant cockroach (D:1)
  A hobgoblin (D:1)
  3 giant newts
  4 goblins (D:1)
  3 kobolds (D:1)
  6 rats (D:1)
26 creatures vanquished.

Notes
Turn   | Place    | Note
--------------------------------------------------------------
     0 | D:1      | zercules, the Troll Transmuter, began the quest for the Orb.
     0 | D:1      | Reached XP level 1. HP: 18/18 MP: 2/2
   129 | D:1      | Reached XP level 2. HP: 26/26 MP: 2/2
   606 | D:1      | Reached skill level 4 in Unarmed Combat
   828 | D:1      | Reached XP level 3. HP: 30/32 MP: 3/3
   970 | D:2      | Huge Dmg: 8 dmg
   973 | D:2      | Huge Dmg: 12 dmg
   991 | D:2      | Slain by a gnoll

Action                   || total
-------------------------++-------
Melee: Unarmed           ||    52
 Cast: Beastly Appendage ||     1
